AoeStats
← the British dog

Black Forest

508863164Analyzed
3v3 RM · 7d ago on Sep 24, 2026· 43m 7s· 6 players
Game mode
Random Map
Map size
Normal (6 player)
Population
200
Speed
Normal
Resources
Standard
Victory
Conquest
Starting age
Dark Age
Ending age
Imperial Age
RankedLock teamsTeams togetherTeam positionsShared explorationLock speedFull tech treeHidden civsTurbo modeCheats
Victory
Defeat
🇺🇸 Varangians · United States
805
+15
🇷🇺 Poles · Russia
743
+17
🇺🇸 Khmer · United States
707
+19
🇿🇦 Mongols · South Africa
815
-18
🇿🇦 Lithuanians · South Africa
771
-17
🇬🇧 Spanish · United Kingdom
742
-16
the British dog
0:28 Loom
13:59 Feudal Age
20:04 Wheelbarrow
20:17 Gold Mining
20:17 Stone Mining
26:07 Castle Age
24:02 Double-Bit Axe
24:00 Horse Collar
25:03 Scale Barding Armor
25:11 Forging
30:10 Stone Shaft Mining
29:39 Heavy Plow
32:04 Hand Cart
34:41 Ballistics
36:59 Imperial Age
37:06 Imperial Age
38:54 Chemistry
39:20 Pikeman
Realistic_ZA
16:11 Feudal Age
20:36 Castle Age
18:55 Double-Bit Axe
21:16 Wheelbarrow
21:32 Horse Collar
22:08 Bow Saw
24:24 Heavy Plow
26:38 Hand Cart
26:09 Town Watch
26:09 Loom
29:00 Town Patrol
32:33 Stone Mining
32:34 Gold Mining
33:40 Husbandry
37:49 Scale Barding Armor
37:55 Forging
41:24 Imperial Age
41:43 Chain Barding Armor
41:59 Iron Casting
41:49 Cavalier
Marcus Aurelius
0:35 Loom
16:00 Feudal Age
20:26 Castle Age
18:40 Double-Bit Axe
22:40 Bow Saw
27:19 Horse Collar
37:45 Imperial Age
36:28 Fletching
36:38 Padded Archer Armor
37:44 Bloodlines
37:37 Husbandry
39:17 Bodkin Arrow
39:38 Leather Archer Armor
39:35 Forging
39:31 Scale Barding Armor
39:33 Nomads
40:34 Heavy Camel Rider
43:04 Iron Casting
gaaraofbenton10
0:48 Loom
13:40 Feudal Age
14:54 Double-Bit Axe
19:02 Wheelbarrow
19:16 Horse Collar
24:10 Bloodlines
26:20 Castle Age
25:39 Gold Mining
25:55 Scale Barding Armor
26:01 Forging
27:12 Bow Saw
27:29 Heavy Plow
30:00 Husbandry
32:01 Hand Cart
33:47 Chain Barding Armor
34:02 Iron Casting
35:17 Caravan
38:29 Imperial Age
37:40 Vendel Legacy
38:35 Cavalier
41:43 Light Cavalry
43:04 Plate Barding Armor
43:30 Blast Furnace
43:29 Conscription
Horizon
0:36 Loom
13:51 Feudal Age
17:55 Castle Age
16:45 Double-Bit Axe
16:54 Gold Mining
17:11 Stone Mining
23:40 Horse Collar
25:44 Wheelbarrow
28:24 Bow Saw
30:16 Hand Cart
30:11 Heavy Plow
32:28 Scale Barding Armor
32:23 Scale Mail Armor
32:34 Forging
36:27 Imperial Age
34:14 Chain Mail Armor
35:24 Iron Casting
35:09 Chain Barding Armor
36:19 Tusk Swords
37:27 Double Crossbow
38:34 Chemistry
37:32 Elite Battle Elephant
38:14 Elite Ballista Elephant
76561199137489861
0:46 Loom
12:28 Feudal Age
12:49 Horse Collar
12:57 Double-Bit Axe
16:22 Wheelbarrow
15:45 Gold Mining
16:33 Wheelbarrow
17:58 Forging
20:21 Castle Age
18:21 Stone Mining
19:21 Town Watch
20:14 Scale Barding Armor
21:46 Bow Saw
21:39 Heavy Plow
23:28 Stone Shaft Mining
24:39 Bloodlines
24:30 Husbandry
26:57 Hand Cart
27:39 Szlachta Privileges
27:43 Town Patrol
28:25 Ballistics
30:54 Imperial Age
29:56 Szlachta Privileges
30:46 Iron Casting
30:31 Chain Barding Armor
30:54 Masonry
33:00 Cavalier
34:51 Caravan
35:28 Conscription
35:16 Town Patrol
36:20 Blast Furnace
35:11 Fletching
35:21 Padded Archer Armor
40:32 Chemistry
39:38 Siege Engineers
43:16 Crop Rotation
Connection lost

Rejoining the realm…

Still unreachable

The connection could not be restored.

Session expired

The server has moved on; the page needs a fresh start.